 Dungeon Crawl Stone Soup version 0.32-a0-391-gce5c0aab1b (webtiles) character file.

Game seed: 8905583086964048591

38 shadowstone the Ruffian (level 3, 0/23 HPs)
             Began as an Octopode Shapeshifter on Feb 20, 2024.
             Slain by a rat (3 damage)
             ... on level 2 of the Dungeon.
             The game lasted 00:01:44 (849 turns).

shadowstone the Ruffian (Octopode Shapeshifter)      Turns: 849, Time: 00:01:44

Health: 0/23       AC:  1    Str: 15    XL:     3   Next: 43%
Magic:  3/3        EV: 12    Int: 12    God:
Gold:   11         SH:  3    Dex: 11    Spells: 2/2 levels left

rFire   . . .        e - +0 hand axe
rCold   . . .        d - +0 buckler
rNeg    . . .        (helmet currently unavailable)
rPois   .            (no amulet)
rElec   .            (no ring)
rCorr   .            (no ring)
SInv    .            (no ring)
Will    .....        (no ring)
Stlth   ++           (no ring)
HPRegen 0.23/turn    (no ring)
MPRegen 0.08/turn    (no ring)
                     (no ring)

%: no passive effects
@: beast-form
A: beast (slay +1), almost no armour, amphibious, 8 rings, camouflage 1,
gelatinous body 1, (nimble swimmer 1), tentacles
a: Begin Untransformation


You were on level 2 of the Dungeon.
You were a hulking beast.
You visited 1 branch of the dungeon, and saw 2 of its levels.

You collected 11 gold pieces.

Inventory:

Hand Weapons
 e - a +0 hand axe (weapon)
Armour
 d - a +0 buckler (worn)
Talismans
 b - a beast talisman (active)
 c - a flux talisman
Scrolls
 f - a scroll of identify {unknown}
Potions
 a - a potion of lignification
 g - a potion of attraction {unknown}


   Skills:
 + Level 1.1 Fighting
 + Level 0.7 Axes
 + Level 2.0 Dodging
 + Level 0.8 Stealth
 + Level 3.5 Unarmed Combat
 + Level 3.4 Shapeshifting


You had 2 spell levels left.
You didn't know any spells.
Your spell library contained the following spells:

 Spells                   Type           Power      Damage    Failure   Level
 Jinxbite                 Hex            0%         N/A       56%         2
 Lesser Beckoning         Tloc           0%         N/A       56%         2
 Gell's Gravitas          Tloc           0%         N/A       80%         3
 Teleport Other           Tloc           0%         N/A       80%         3
 Yara's Violent Unravell  Hex/Alch       0%         3d3       100%        5
 Enfeeble                 Hex            0%         N/A       100%        7


Dungeon Overview and Level Annotations

Branches:
Dungeon (2/15)

Altars:


Innate Abilities, Weirdness & Mutations

You are a hulking beast.
Your limbs bulge with bestial killing power. (Slay +1)
You cannot wear most types of armour.
You are amphibious.
You can wear up to eight rings at the same time.
Your skin changes colour to match your surroundings (Stealth+).
Your rubbery body absorbs attacks. (AC +1, EV +1)
((You are camouflaged when in or above water. (Stealth+)))
You have tentacles for arms and can constrict up to eight enemies at once.


Message History

You see here 3 stones.
Done exploring.
Done exploring.
Done exploring.
Done exploring.
You see here 3 stones.
There is a stone staircase leading down here.
There is a stone staircase leading down here.
You climb downwards.
The hobgoblin shouts!
You hear a loud squeak.
Found a scroll labelled AWUHUS PADIL and a fuming blue potion.
There is a stone staircase leading up here.
The ribbon worm bites you!
A goblin comes into view. It is wielding a +0 club.
The goblin shouts!
You hit the ribbon worm. You grab the ribbon worm.
The ribbon worm is moderately wounded.
You constrict the ribbon worm. The ribbon worm barely misses you.
A rat comes into view.
You hit the ribbon worm.
The ribbon worm is heavily wounded.
You hit the hobgoblin. You constrict the ribbon worm.
The ribbon worm expels a string of sticky webbing.
The stream of webbing hits you but does no damage.
You are caught in a web!
The hobgoblin barely misses you.
You struggle to detach yourself from the web.
You constrict the ribbon worm. The hobgoblin hits you.
The ribbon worm bites you!
The web tears apart.
You constrict the ribbon worm. The hobgoblin barely misses you.
The ribbon worm misses you.
You hit the ribbon worm.
The ribbon worm is almost dead.
You hit the hobgoblin. You constrict the ribbon worm.
You kill the ribbon worm!
The hobgoblin closely misses you.
Found 12 gold pieces.
The goblin hits you with a +0 club.
* * * LOW HITPOINT WARNING * * *
The hobgoblin closely misses you. The rat bites you.
You die...

....##... ....#
......... .....
.......# ...# . .#
#.....###...#..
...#..............
..................
.....!.grg........
.##?h.....#
^$........<###
##..######## #.


You could see a hobgoblin, a goblin and a rat.

Vanquished Creatures
  3 dart slugs (D:1)
  A ribbon worm (D:2)
  An endoplasm (D:1)
  A goblin (D:1)
  A hobgoblin (D:1)
  4 jackals (D:1)
  A kobold (D:1)
  A quokka (D:1)
  A bat (D:1)
  2 frilled lizards (D:1)
  A rat (D:1)
17 creatures vanquished.

Notes
Turn   | Place    | Note
-------+----------+-------------------------------------------
     0 | D:1      | shadowstone the Octopode Shapeshifter began the quest for
                  | the Orb.
     0 | D:1      | Reached XP level 1. HP: 13/13 MP: 1/1
   100 | D:1      | Reached XP level 2. HP: 14/18 MP: 2/2
   210 | D:1      | Reached XP level 3. HP: 4/23 MP: 3/3
   291 | D:1      | Found a faded altar of an unknown god.
   849 | D:2      | Slain by a rat

Illustrated notes

Levels and vault maps discovered:
D:1:      nzn_arrival_settlement, layout_loops_ring,
          shapermc_ecumenical_altar_venn, serial_bayou_pond_b,
          nicolae_twisty_statue_hallways
D:2:      layout_basic

Action                     || total
---------------------------++-------
  Melee: Hand axe          ||    30
         Constrict         ||     9
         Tentacles         ||     6
   Stab: Sleeping          ||     2
 Armour: Skin              ||    27
  Dodge: Dodged            ||    26
  Block: Buckler           ||     6

Table legend: (Time is in decaauts)
 A = Elapsed time spent in this place.
 B = Non-inter-level travel time spent in this place.
 C = Inter-level travel time spent in this place.
 D = Time resting spent in this place.
 E = Time spent auto-exploring this place.
 F = Levels seen in this place.
 G = Mean time per level.
                   A        B        C        D        E       F      G
               +--------+--------+--------+--------+--------+-----+--------+
         Total |    857 |    845 |     12 |     81 |    529 |   2 |  428.5 |
       Dungeon |    857 |    845 |     12 |     81 |    529 |   2 |  428.5 |
               +--------+--------+--------+--------+--------+-----+--------+

Top non-repeatable levels by time:
     D:1: 848 daAuts
     D:2: 9 daAuts
